 Dungeon Crawl Stone Soup version 0.29.0-4-gdea44cf6ec (webtiles) character file.

Game seed: 16029575090655389255

11 qw the Sneak (level 2, -8/19 HPs)
             Began as a Gargoyle Delver on Sept 10, 2022.
             Mangled by an orc warrior
             ... wielding a +4 battleaxe
              (14 damage)
             ... on level 5 of the Dungeon.
             The game lasted 00:00:02 (139 turns).

qw the Sneak (Gargoyle Delver)                       Turns: 139, Time: 00:00:03

Health: -8/19      AC:  5    Str: 15    XL:     2   Next: 29%
Magic:  2/2        EV: 11    Int: 10    God:
Gold:   8          SH:  0    Dex: 11    Spells: 1/1 levels left

rFire   . . .      SeeInvis .   a - +0 hand axe
rCold   . . .      Faith    .   (no shield)
rNeg    + . .      Spirit   .   b - +0 leather armour
rPois   inf        Reflect  .   (no helmet)
rElec   +          Harm     .   (no cloak)
rCorr   .          Rampage  .   (no gloves)
Will    .....                   (no boots)
Stlth   +++.......              (no amulet)
HPRegen 0.06/turn               (no ring)
MPRegen 0.08/turn               (no ring)

@: no status effects
A: sickness immunity, AC +2, negative energy resistance 1, electricity
resistance, torment resistance 1, petrification resistance
a: no special abilities


You were on level 5 of the Dungeon.
You visited 1 branch of the dungeon, and saw 1 of its levels.

You collected 8 gold pieces.


Innate Abilities, Weirdness & Mutations

You are immune to sickness and miasma.
Your stone body is resilient. (AC +2)
You are immune to poison.
You resist negative energy. (rN+)
You are resistant to electric shocks. (rElec)
You are resistant to unholy torment.
You are immune to petrification.


   Skills:
 - Level 3.2 Fighting
 + Level 2.6 Axes
 - Level 1.5 Dodging
 - Level 5.4 Stealth


You had one spell level left.
You didn't know any spells.
Your spell library was empty.

Inventory:

Hand Weapons
 a - a +0 hand axe (weapon)
Armour
 b - a +0 leather armour (worn)
Wands
 g - a wand of digging (3)
Scrolls
 c - a scroll of fog
 d - a scroll of magic mapping
 e - a scroll of fear
Potions
 f - a potion of haste
 h - a potion of curing {unknown}
 i - a potion of lignification {unknown}

Dungeon Overview and Level Annotations

Branches:
Dungeon (5/15)
 Temple: D:4-7

Altars:
Okawaru


Message History

You kill the adder!
Your Axes skill increases to level 2!
You have reached level 2!
You see here an adder corpse.
You open the door.
There is an open door here.
There is an open door here.
You open the door.
There is an open door here.
An orc warrior and an orc come into view.
Found 8 stones.
The orc shouts!
You hear a bark!
A scorpion comes into view.
The scorpion moves out of view.
You hear a shout!
The orc warrior shouts!
Enter note:
Enter note: You hear a shout!
An orc wizard comes into view. It is wielding a +0 dagger.
An orc wizard comes into view. It is wielding a +0 dagger.
A hound comes into view.
A white imp comes into view.
The orc wizard shouts!
You hit the orc.
The orc is moderately wounded.
The orc hits you with a +0 hand axe.
You barely miss the orc.
The orc is moderately wounded.
You hit the orc warrior but do no damage.
The orc hits you but does no damage. The orc warrior closely misses you.
You hit the orc.
You kill the orc!
You barely miss the orc warrior. You closely miss the hound.
The hound bites you. The orc warrior closely misses you. The hound bites you.
The orc wizard hits you with a +0 dagger.
You closely miss the orc warrior. You completely miss the hound.
You completely miss the orc wizard. The hound bites you.
The orc warrior hits you with a +4 battleaxe!
Ouch! That really hurt!
You die...

#.............#.....#.
#.............#.....#.
#.......#######...####
#########........#%...
###..!.............#.~~~
.................###~..~
.................# #~.~.
.....5h..........# #~.~.
.....oo@...##'#### #~.~.
..(..s.o...#.....# #~..~
...#########....## #.~~~
. #....# #..... #.....#
#.....# #.....#


You could see an orc warrior, a scorpion, a hound, 2 orc wizards and a white
imp.

Vanquished Creatures
  An adder (D:5)
  An orc (D:5)
2 creatures vanquished.

Notes
Turn   | Place    | Note
-------+----------+-------------------------------------------
     0 | D:5      | qw the Gargoyle Delver began the quest for the Orb.
     0 | D:5      | Reached XP level 1. HP: 14/14 MP: 1/1
     0 | D:5      | 0 ||| qw: Version: 0.1-a-116-g5d60599
     0 | D:5      | 0 ||| qw: Game counter: 7666
     0 | D:5      | 0 ||| qw: Always use a shield: true
     0 | D:5      | 0 ||| qw: God list: Okawaru
     0 | D:5      | 0 ||| qw: Allow faded altars: false
     0 | D:5      | 0 ||| qw: Do Orc after D:15 true
     0 | D:5      | 0 ||| qw: Do second Lair branch before Depths: true
     0 | D:5      | 0 ||| qw: Lair rune preference: random
     0 | D:5      | 0 ||| qw: Plans: Normal
     0 | D:5      | 0 ||| PLANNING D:1-11
     7 | D:5      | Identified the +3 rapier of Plunder {venom, Fly rElec rCorr
                  | Dex-3}
    63 | D:5      | Found an iron altar of Okawaru.
    75 | D:5      | Reached XP level 2. HP: 19/19 MP: 2/2
   132 | D:5      | Noticed an orc warrior
   132 | D:5      | Noticed a scorpion
   139 | D:5      | Mangled by an orc warrior

Levels and vault maps discovered:
D:5:      layout_gridville, mainiacjoe_overflow_paths, bh_walls_and_bars

Skill      XL: |  1 |
---------------+----+-----
Axes           | 2 |  2.6
Fighting       | |  3.2
Dodging        | |  1.5
Stealth        | |  5.4

Action                   || total
-------------------------++-------
Melee: Hand axe          ||    10
Armor: Leather armour    ||     6
Dodge: Dodged            ||     4

Table legend:
 A = Non-vault XP
 B = Vault XP
 C = Vault XP percentage of total XP
 D = Non-vault monster count
 E = Vault monster count
 F = Vault count percentage of total count
                 A         B        C        D         E       F
            +---------+---------+-------+---------+---------+-------
      Total |      17 |       0 |   0.0 |       2 |       0 |   0.0
            +---------+---------+-------+---------+---------+-------
        D:5 |      17 |       0 |   0.0 |       2 |       0 |   0.0
            +---------+---------+-------+---------+---------+-------
